 Dungeon Crawl Stone Soup version 0.27.0-1-g7a089689b8 (webtiles) character file.

Game seed: 11181203257781782093

1540 ZombieSheep the Skirmisher (level 8, -4/67 HPs)
             Began as a Gnoll Wanderer on Aug 6, 2021.
             Was an Initiate of Gozag.
             Slain by Menkaure (16 damage)
             ... on level 6 of the Dungeon.
             The game lasted 00:11:44 (8792 turns).

ZombieSheep the Skirmisher (Gnoll Wanderer)         Turns: 8792, Time: 00:11:45

Health: -4/67      AC: 10    Str: 11    XL:     8   Next: 86%
Magic:  13/13      EV: 10    Int: 15    God:    Gozag
Gold:   608        SH:  0    Dex: 11    Spells: 13/14 levels left

rFire    + . .     SeeInvis .   b - +1 whip (freeze)
rCold    . . .     Faith    .   (no shield)
rNeg     . . .     Spirit   .   n - +0 scale mail
rPois    .         Reflect  .   i - +0 helmet
rElec    .         Harm     .   o - +1 cloak
rCorr    .         Rampage  .   (no gloves)
Will     .....                  (no boots)
Stlth    ++........             (no amulet)
HPRegen  0.21/turn              l - ring of protection from fire
MPRegen  0.13/turn              (no ring)

@: no status effects
A: fangs 1, strong nose, distributed training
a: Renounce Religion, Potion Petition, Call Merchant, Bribe Branch


You were on level 6 of the Dungeon.
You worshipped Gozag.
Gozag was pleased with you.
You visited 2 branches of the dungeon, and saw 7 of its levels.

You collected 839 gold pieces.
You spent 49 gold pieces at shops.
You paid 182 gold pieces to Gozag.

Inventory:

Hand Weapons
 a - a +2 quarterstaff
 b - a +1 whip of freezing (weapon)
 d - a +1 flail of protection
 e - a +0 dagger
 g - a +0 dire flail of holy wrath
Armour
 h - a +0 chain mail
 i - a +0 helmet (worn)
 n - a +0 scale mail (worn)
 o - a +1 cloak (worn)
Jewellery
 l - a ring of protection from fire (left hand)
 s - a +6 ring of strength
Scrolls
 c - a scroll of teleportation
 j - 2 scrolls of identify
 m - a scroll of immolation
Potions
 f - 3 potions of curing
 k - a potion of magic
 r - a potion of brilliance


   Skills:
 + Level 7.5 Fighting
 + Level 3.6 Short Blades
 + Level 4.5 Long Blades
 + Level 3.6 Axes
 + Level 3.6 Maces & Flails
 + Level 3.6 Polearms
 + Level 5.9 Staves
 + Level 3.6 Slings
 + Level 3.6 Bows
 + Level 3.6 Crossbows
 + Level 3.6 Throwing
 + Level 3.6 Armour
 + Level 4.5 Dodging
 + Level 5.6 Stealth
 + Level 3.6 Shields
 + Level 3.6 Unarmed Combat
 + Level 3.6 Spellcasting
 + Level 3.0 Conjurations
 + Level 3.0 Hexes
 + Level 3.0 Summonings
 + Level 3.0 Necromancy
 + Level 3.0 Translocations
 + Level 3.0 Transmutations
 + Level 3.0 Fire Magic
 + Level 3.0 Ice Magic
 + Level 3.0 Air Magic
 + Level 3.0 Earth Magic
 + Level 3.0 Poison Magic
 + Level 4.0 Invocations
 + Level 4.5 Evocations


You had 13 spell levels left.
You knew the following spells:

 Your Spells              Type           Power      Damage    Failure   Level
a - Apportation           Tloc           22%        N/A       28%         1

Your spell library contained the following spells:

 Spells                   Type           Power      Damage    Failure   Level
 Animate Skeleton         Necr           22%        N/A       28%         1
 Corona                   Hex            12%        N/A       28%         1
 Summon Small Mammal      Summ           44%        N/A       28%         1
 Alistair's Intoxication  Tmut/Pois      7%         N/A       100%        5
 Invisibility             Hex            5%         N/A       100%        6


Dungeon Overview and Level Annotations

Branches:
Dungeon (6/15)             Temple (1/1) D:4

Altars:
Ashenzari
Cheibriados
Dithmenos
Fedhas
Gozag
Hepliaklqana
Kikubaaqudgha
Nemelex Xobeh
Ru
Trog
Uskayaw
Vehumet
Wu Jian
Xom
Zin

Shops:
D:1 [   D:2 :[[

Annotations:
D:6 Menkaure


Innate Abilities, Weirdness & Mutations

You have very sharp teeth.
Your uncanny sense of smell can sniff out nearby items.
Your experience applies equally to all skills.


Message History

Menkaure, Prince of Dust comes into view.
Menkaure shouts!
Menkaure mumbles in an indecipherable tongue.
An adder comes into view.
The adder hisses angrily.
You hit Menkaure but do no damage. Menkaure completely misses you.
You hit Menkaure but do no damage.
Menkaure calls on the powers of darkness!
Your body is wracked with pain!
The adder convulses!
You barely miss Menkaure. You punch Menkaure.
Menkaure is lightly damaged.
You hit Menkaure but do no damage.
Menkaure is lightly damaged.
Menkaure calls on the powers of darkness!
Your body is wracked with pain!
* * * LOW HITPOINT WARNING * * *
The adder convulses!
You hit Menkaure.
Menkaure is moderately damaged.
Menkaure calls on the powers of darkness!
Your body is wracked with pain!
* * * LOW HITPOINT WARNING * * *
The adder convulses!
You hit Menkaure.
Menkaure is moderately damaged.
Menkaure points at you and mumbles some strange words.
You struggle to resist.
You hit Menkaure. You freeze Menkaure.
Menkaure is moderately damaged.
You closely miss Menkaure.
Menkaure is moderately damaged.
Menkaure hits you but does no damage.
You hit Menkaure. You freeze Menkaure. You bite Menkaure, but do no damage.
Menkaure is severely damaged.
Menkaure closely misses you.
You hit Menkaure.
Menkaure is severely damaged.
Menkaure hits you!
You die...
Your body crumbles into a pile of gold.

###.#.###.# #...###. ..
#.#####.#####. #..
##............. #....
+.............. #
....##..####.#####.
...................
######.....[.#####. $
##.########.#..##.# #.
.....SM@.......##.# ###. .#
##.########.##.##.# #... .#
#.##..#.# #.## ####.#
######.##..#..##.## #....
########..[.#.#........... #....
.....................#..#.
....######.........#..........[#.
....#...##.........#####.........
g.......++.....##### #.....#<##.


You could see Menkaure and an adder.

Vanquished Creatures
  Edmund (D:6)
  A sky beast (D:5)
  2 black bears
  2 necrophages
  A wyvern zombie (D:6)
  3 scorpions
  A wyvern skeleton (D:5)
  A water moccasin skeleton (D:5)
  A centaur zombie (D:5)
  An orc priest (D:5)
  2 hounds
  A centaur skeleton (D:5)
  A gnoll shaman (D:6)
  A scorpion zombie (D:5)
  2 iguanas
  3 hound skeletons
  13 adders
  11 gnolls
  A river rat (D:3)
  2 ufetubi (D:4)
  An adder skeleton (D:4)
  5 worms
  5 dart slugs
  6 orcs
  4 ball pythons (D:1)
  5 endoplasms
  4 giant cockroaches
  2 goblins
  7 hobgoblins
  8 jackals
  8 kobolds
  3 quokkas
  9 bats
  5 frilled lizards
  A quokka zombie (D:4)
  6 rats
130 creatures vanquished.

Notes
Turn   | Place    | Note
-------+----------+-------------------------------------------
     0 | D:1      | ZombieSheep the Gnoll Wanderer began the quest for the Orb.
     0 | D:1      | ZombieSheep set off with the following items: a +2
                  | quarterstaff, a potion of curing, a scroll of
                  | teleportation, a +0 robe, a +0 dagger
     0 | D:1      | Reached XP level 1. HP: 23/23 MP: 1/1
   155 | D:1      | Reached XP level 2. HP: 29/29 MP: 2/2
   176 | D:1      | Found Irchalopp's Antique Armour Shop.
   829 | D:1      | Reached XP level 3. HP: 33/35 MP: 3/3
  1170 | D:2      | Reached skill level 1 in Invocations
  1418 | D:2      | Reached skill level 1 in Short Blades
  1418 | D:2      | Reached skill level 1 in Axes
  1418 | D:2      | Reached skill level 1 in Maces & Flails
  1418 | D:2      | Reached skill level 1 in Polearms
  1418 | D:2      | Reached skill level 1 in Slings
  1418 | D:2      | Reached skill level 1 in Bows
  1418 | D:2      | Reached skill level 1 in Crossbows
  1418 | D:2      | Reached skill level 1 in Throwing
  1418 | D:2      | Reached skill level 1 in Armour
  1418 | D:2      | Reached skill level 1 in Shields
  1418 | D:2      | Reached skill level 1 in Unarmed Combat
  1418 | D:2      | Reached skill level 1 in Spellcasting
  1430 | D:2      | Reached XP level 4. HP: 30/41 MP: 5/5
  1528 | D:2      | Found Imeqiake's Armour Boutique.
  1536 | D:2      | Bought a +0 helmet for 49 gold pieces
  1561 | D:2      | Found Qucixioru's Armour Emporium.
  1786 | D:2      | Found Homanlia's Book Boutique.
  2013 | D:2      | Found a glowing silver altar of Zin.
  2299 | D:3      | Found a hazy altar of Hepliaklqana.
  2316 | D:3      | Found a broken altar of Ashenzari.
  2431 | D:3      | Reached skill level 1 in Conjurations
  2431 | D:3      | Reached skill level 1 in Hexes
  2431 | D:3      | Reached skill level 1 in Summonings
  2431 | D:3      | Reached skill level 1 in Necromancy
  2431 | D:3      | Reached skill level 1 in Translocations
  2431 | D:3      | Reached skill level 1 in Transmutations
  2431 | D:3      | Reached skill level 1 in Fire Magic
  2431 | D:3      | Reached skill level 1 in Ice Magic
  2431 | D:3      | Reached skill level 1 in Air Magic
  2431 | D:3      | Reached skill level 1 in Earth Magic
  2431 | D:3      | Reached skill level 1 in Poison Magic
  2541 | D:3      | Reached XP level 5. HP: 32/47 MP: 6/6
  3761 | D:4      | Learned a level 1 spell: Apportation
  3766 | D:4      | Found a snail-covered altar of Cheibriados.
  3902 | D:4      | Reached XP level 6. HP: 53/53 MP: 8/8
  4258 | D:4      | Identified the +1 robe "Nippuxab" {rElec rC- rN++ rCorr}
  4467 | D:4      | Found a staircase to the Ecumenical Temple.
  4474 | D:4      | Reached skill level 5 in Staves
  4595 | D:4      | Noticed a necrophage
  4613 | D:4      | Killed a necrophage
  4710 | D:4      | Reached XP level 7. HP: 29/59 MP: 10/10
  5202 | D:4      | Reached skill level 7 in Fighting
  5500 | Temple   | Entered the Ecumenical Temple
  5518 | Temple   | Became a worshipper of Gozag Ym Sagoz the Greedy
  5555 | D:5      | Entered Level 5 of the Dungeon
  6090 | D:5      | Reached skill level 5 in Stealth
  6260 | D:5      | Reached XP level 8. HP: 29/67 MP: 12/12
  6676 | D:5      | HP: 3/67 [poisoned by a scorpion]
  7682 | D:6      | Noticed Edmund
  7720 | D:6      | Killed Edmund
  8779 | D:6      | Noticed Menkaure
  8792 | D:6      | Slain by Menkaure

Illustrated notes

Levels and vault maps discovered:
D:1:      dpeg_arrival_rooms_a, layout_basic, serial_shops, shop_fountains
D:2:      layout_basic, serial_shops, nicolae_diamond_shop,
          nicolae_shop_competitors_out_of_business, shop, basic_altar,
          minmay_door_square
D:3:      layout_loops_ring, mainiacjoe_overflow_large_starburst,
          lightli_sewer_entry_pipes
D:4:      minmay_polygon_palace, layout_basic, kennysheep_mini_moat,
          minmay_temple_entry_ruins
D:5:      layout_basic
D:6:      layout_basic, uniq_menkaure, uniq_edmund
Temple:   cyrus_circular_temple

Skill      XL: |  1  2  3  4  5  6  7  8 |
---------------+-------------------------+-----
Invocations    | 1 2 3 4 |  4.0
Short Blades   | 1 2 3 |  3.6
Axes           | 1 2 3 |  3.6
Maces & Flails | 1 2 3 |  3.6
Polearms       | 1 2 3 |  3.6
Slings         | 1 2 3 |  3.6
Bows           | 1 2 3 |  3.6
Crossbows      | 1 2 3 |  3.6
Throwing       | 1 2 3 |  3.6
Armour         | 1 2 3 |  3.6
Shields        | 1 2 3 |  3.6
Unarmed Combat | 1 2 3 |  3.6
Spellcasting   | 1 2 3 |  3.6
Conjurations   | 1 2 3 |  3.0
Hexes          | 1 2 3 |  3.0
Summonings     | 1 2 3 |  3.0
Necromancy     | 1 2 3 |  3.0
Translocations | 1 2 3 |  3.0
Transmutations | 1 2 3 |  3.0
Fire Magic     | 1 2 3 |  3.0
Ice Magic      | 1 2 3 |  3.0
Air Magic      | 1 2 3 |  3.0
Earth Magic    | 1 2 3 |  3.0
Poison Magic   | 1 2 3 |  3.0
Long Blades    | 3 4 |  4.5
Dodging        | 3 4 |  4.5
Evocations     | 3 4 |  4.5
Staves         | 5 |  5.9
Fighting       | 7 |  7.5
Stealth        | 5 |  5.6

Action                   |  1- 3 |  4- 6 |  7- 9 || total
-------------------------+-------+-------+-------++-------
Melee: Quarterstaff      |    78 |   207 |     5 ||   290
       Bite              |     5 |     8 |    26 ||    39
       Whip              |       |       |   330 ||   330
       Punch             |       |       |     3 ||     3
  Use: Scroll            |     2 |     7 |     4 ||    13
       Potion            |       |     1 |     1 ||     2
 Stab: Sleeping          |     9 |     6 |     1 ||    16
       Distracted        |       |       |     1 ||     1
Armor: Robe              |    11 |    23 |       ||    34
       Leather armour    |       |    28 |       ||    28
       Scale mail        |       |     3 |   158 ||   161
       Skin              |       |       |    16 ||    16
Dodge: Dodged            |    54 |   139 |   147 ||   340
